 Dungeon Crawl Stone Soup version 0.19.1 (webtiles) character file.

72 Ice the Skirmisher (level 4, -3/58 HPs)
             Began as a Merfolk Berserker on Dec 7, 2016.
             Was a Follower of Trog.
             Slain by Natasha (6 damage)
             ... on level 2 of the Dungeon.
             The game lasted 00:05:31 (1408 turns).

Ice the Skirmisher (Merfolk Berserker)              Turns: 1408, Time: 00:05:31

Health: -3/58      AC:  9    Str: 22    XL:     4   Next: 25%
Magic:  4/4        EV:  9    Int:  6    God:    Trog [*.....]
Gold:   94         SH:  0    Dex: 14    Spells: 0 memorised, 3 levels left

rFire  . . .     SeeInvis .     b - +0 mace
rCold  . . .     Gourm    .     e - +0 chain mail
rNeg   . . .     Faith    .     (no shield)
rPois  .         Spirit   .     p - +0 helmet (curse)
rElec  .         Reflect  .     (no cloak)
rCorr  .         Harm     .     (no gloves)
MR     .....                    (no boots)
Stlth  ..........               (no amulet)
                                (no ring)
                                (no ring)

@: berserking, very quick
A: change form in water, swift swim, stealthy swim
a: Berserk, Burn Spellbooks, Renounce Religion


You were on level 2 of the Dungeon.
You worshipped Trog.
Trog was aware of your devotion.
You were not hungry.

You visited 1 branch of the dungeon, and saw 2 of its levels.

You collected 94 gold pieces.

Inventory:

Hand Weapons
 b - a +0 mace (weapon)
 m - a +1 dagger of venom
Missiles
 d - 110 stones (quivered)
 k - 17 sling bullets
 q - 19 bolts
 u - 20 arrows
Armour
 e - a +0 chain mail (worn)
 p - a cursed +0 helmet (worn)
Jewellery
 j - an uncursed ring of resist corrosion {unknown}
 t - an uncursed amulet of the gourmand {unknown}
Scrolls
 h - a scroll of amnesia {unknown}
Potions
 a - a potion of lignification {unknown}
 g - a potion of degeneration {unknown}
 i - a potion of flight {unknown}
 o - a potion of berserk rage {unknown}
 r - a potion of heal wounds {unknown}
 s - a potion of ambrosia {unknown}
 v - a potion of curing {unknown}
Comestibles
 c - 2 bread rations
 f - a chunk of flesh
 l - a meat ration
 n - a beef jerky


   Skills:
 - Level 5.0 Fighting
   Level 2.4 Axes
 - Level 1.3 Armour
 + Level 3.7 Dodging


You had 3 spell levels left.
You didn't know any spells.

Dungeon Overview and Level Annotations

Branches:
Dungeon (2/15)

Altars:

Annotations:
D:2 Natasha


Message History

Press: ? - help, Shift-Dir - straight line, f/p - Natasha
Aim: Natasha You throw a stone.
The stone barely misses Natasha.
The stone hits the iron imp but does no damage.
Throwing (i - inventory):
d - 111 stones (quivered)
Press: ? - help, Shift-Dir - straight line, f/p - Natasha
Aim: Natasha You throw a stone.
The stone closely misses Natasha.
The stone barely misses the iron imp.
Natasha claws you but does no damage.
You hit Natasha but do no damage.
Natasha drinks a potion.
Natasha seems to grow stronger.
You barely miss Natasha. Natasha claws you. The iron imp hits you.
Natasha claws you!
* * * LOW HITPOINT WARNING * * *
A red film seems to cover your vision as you go berserk!
You feel yourself moving faster!
You feel mighty!
You feel a lot more hungry. The iron imp hits you.
* * * LOW HITPOINT WARNING * * *
Natasha claws you.
You die...

#. #. #######(#
#.##........ #
#####.........(. .
.........#####(##.#
#######..####...#.#
#..##.......
#..##.#.h5#
##..##.##@#
#.รท.......##.#
#............#
#.############
########)#
.........#
##########


You could see an iron imp and Natasha.

Vanquished Creatures
  Natasha (D:2)
  An ooze (D:1)
  A worm (D:2)
  2 dart slugs (D:1)
  2 leopard geckos
  6 goblins
  7 hobgoblins
  4 kobolds (D:1)
  A quokka (D:2)
  2 bats
  A frilled lizard (D:2)
  4 rats
32 creatures vanquished.

Notes
Turn   | Place    | Note
-------+----------+-------------------------------------------
     0 | D:1      | Ice the Merfolk Berserker began the quest for the Orb.
     0 | D:1      | Reached XP level 1. HP: 18/18 MP: 1/1
   101 | D:1      | Reached XP level 2. HP: 20/25 MP: 2/2
   147 | D:1      | Reached skill level 4 in Fighting
   544 | D:1      | Reached XP level 3. HP: 23/31 MP: 3/3
  1144 | D:2      | Reached skill level 5 in Fighting
  1233 | D:2      | Noticed Natasha
  1249 | D:2      | Killed Natasha
  1249 | D:2      | Reached XP level 4. HP: 4/39 MP: 4/4
  1399 | D:2      | Noticed Natasha
  1408 | D:2      | Slain by Natasha

Skill      XL: |  1  2  3 |
---------------+----------+-----
Fighting       | 4 5 |  5.0
Dodging        | 3 |  3.7
Axes           | |  2.4
Armour         | |  1.3

Action                   |  1- 3 |  4- 6 || total
-------------------------+-------+-------++-------
Melee: Hand axe          |     9 |       ||     9
       Mace              |    90 |     2 ||    92
Throw: Stone             |    69 |     6 ||    75
Invok: Berserk           |     1 |     1 ||     2
  Use: Scroll            |     2 |       ||     2
  Eat: Chunk             |     1 |     2 ||     3
Armor: Chain mail        |    48 |     1 ||    49
Dodge: Dodged            |    47 |       ||    47
